 Dungeon Crawl Stone Soup version 0.23-a0-494-g91793a9df2 (webtiles) character file.

3148 PhenomeGnoll the Fighter (level 9, -3/74 HPs)
             Began as a Gnoll Wanderer on Dec 2, 2018.
             Was a Believer of Nemelex Xobeh.
             Slain by a killer bee (12 damage)
             ... on level 8 of the Dungeon on Dec 3, 2018.
             The game lasted 00:42:12 (10127 turns).

PhenomeGnoll the Fighter (Gnoll Wanderer)          Turns: 10127, Time: 00:42:12

Health: -3/74      AC:  9    Str: 16    XL:     9   Next: 93%
Magic:  3/5        EV: 12    Int: 16    God:    Nemelex Xobeh [**....]
Gold:   353        SH:  0    Dex: 18    Spells: 17/17 levels left

rFire    . . .     SeeInvis .   a - +6 spear of the Trees {antimagic, +Inv rPois}
rCold    . . .     Gourm    .   (no shield)
rNeg     + . .     Faith    .   G - +2 scale mail {MR+}
rPois    +         Spirit   .   (no helmet)
rElec    .         Reflect  .   (no cloak)
rCorr    .         Harm     .   (no gloves)
MR       +....                  (no boots)
Stlth    +.........             H - amulet of rage
HPRegen  0.22/turn              x - ring of positive energy
MPRegen  0.09/turn              t - +3 ring of dexterity

@: lethally poisoned (-3 -> -6), contaminated, glowing, invisible (but backlit
and visible)
A: distributed training, fangs 1, strong nose
a: Renounce Religion, Evoke Berserk Rage


You were on level 8 of the Dungeon.
You worshipped Nemelex Xobeh.
Nemelex Xobeh was pleased with you.
You were hungry.

You visited 1 branch of the dungeon, and saw 8 of its levels.

You collected 353 gold pieces.

Inventory:

Hand Weapons
 a - the +6 spear of the Trees (weapon) {antimagic, +Inv rPois}
   (You took it off a gnoll on level 6 of the Dungeon)

   It reduces the magical energy of the wielder, and disrupts the spells and
   magical abilities of those hit.
   Natural abilities and divine invocations are not affected.
   It protects you from poison.
   It lets you turn invisible.
 b - a +0 hunting sling of flaming
 k - a +0 spear of freezing
 r - a +0 shortbow
 s - a +0 dagger of electrocution
 E - a +1 dagger of venom
 L - a +0 blowgun
Missiles
 e - 176 arrows
 i - 169 stones
 o - 144 poisoned needles
 p - 3 throwing nets (quivered) {!f}
 q - 5 javelins
 u - 48 sling bullets
 C - 4 tomahawks
Armour
 G - a +2 scale mail of magic resistance (worn)
Jewellery
 t - a +3 ring of dexterity (right hand)
 x - a ring of positive energy (left hand)
 H - an amulet of rage (around neck)
 I - an uncursed ring of positive energy
Wands
 y - a wand of enslavement (5)
 F - a wand of digging (2)
Scrolls
 c - 8 scrolls of teleportation {@r2}
 h - a scroll of fog
 j - 6 scrolls of identify {@r1}
 z - 4 scrolls of remove curse
 B - a scroll of magic mapping {unknown}
 K - 2 scrolls of fear {unknown}
Potions
 d - a potion of berserk rage
 f - 2 potions of might {unknown}
 l - 4 potions of curing {@q1}
 m - 2 potions of degeneration {unknown}
 n - 4 potions of heal wounds {unknown}
 v - a potion of invisibility {unknown}
 w - 3 potions of agility {unknown}
 D - 2 potions of flight {unknown}
 J - a potion of resistance {unknown}
Miscellaneous
 A - an ornate deck of destruction {drawn: 2}
 M - a plain deck of destruction {drawn: 2}
Comestibles
 g - 14 rations


   Skills:
 + Level 8.1 Fighting
 + Level 4.6 Short Blades
 + Level 4.6 Long Blades
 + Level 4.6 Axes
 + Level 4.6 Maces & Flails
 + Level 4.6 Polearms
 + Level 5.3 Staves
 + Level 4.6 Slings
 + Level 6.6 Bows
 + Level 4.6 Crossbows
 + Level 5.3 Throwing
 + Level 5.3 Armour
 + Level 4.6 Dodging
 + Level 5.2 Stealth
 + Level 5.3 Shields
 + Level 4.6 Unarmed Combat
 + Level 4.6 Spellcasting
 + Level 3.8 Conjurations
 + Level 3.8 Hexes
 + Level 3.8 Charms
 + Level 3.8 Summonings
 + Level 3.8 Necromancy
 + Level 3.8 Translocations
 + Level 3.8 Transmutations
 + Level 3.8 Fire Magic
 + Level 3.8 Ice Magic
 + Level 3.8 Air Magic
 + Level 3.8 Earth Magic
 + Level 3.8 Poison Magic
 + Level 5.1 Invocations
 + Level 4.6 Evocations


You had 17 spell levels left.
You didn't know any spells.
Your spell library contained the following spells:

 Spells                   Type           Power        Failure   Level  Hunger
 Leda's Liquefaction      Hex/Erth       ###.......   71%         4    ####...
 Bolt of Magma            Conj/Fire/Erth ###.......   96%         5    ######.
 Iron Shot                Conj/Erth      ###.......   100%        6    #######
 Statue Form              Tmut/Erth      ###......    100%        6    #######
 Shatter                  Erth           ###.......   100%        9    #######


Dungeon Overview and Level Annotations

Branches:
Dungeon (8/15)             Temple (0/1) D:7
   Lair: D:8-11

Altars:
Kikubaaqudgha
Nemelex Xobeh
Okawaru
Ru
Wu Jian
Yredelemnul

Shops:
D:8 *

Annotations:
D:5 exclusion: downstairs


Innate Abilities, Weirdness & Mutations

Your experience applies equally to all skills.
You have very sharp teeth.
Your uncanny sense of smell can sniff out nearby items.


Message History

You are feeling hungry.
The killer bee barely misses you.
The killer bee stings you but does no damage.
The killer bee stings you.
* * * LOW HITPOINT WARNING * * *
You are poisoned.
The killer bee poisons you! The killer bee completely misses you.
You feel sick. The killer bee stings you.
* * * LOW HITPOINT WARNING * * *
The queen bee calls on the killer bee to defend it!
The killer bee goes berserk!
The killer bee closely misses you. x2
You feel sick.
The killer bee stings you but does no damage.
The killer bee stings you.
* * * LOW HITPOINT WARNING * * *
You feel sick.
The killer bee stings you but does no damage.
The killer bee stings you!
You die...
Your body disappears without additional glow.

.####y...y# ########
..........# #......#
..........# #......#
###....(..#######......#
.....%.r..y............#
..........y(y(.........#
.##...#..###(###.......#
#..###..###ly###......# #.#
#......yyyy@..####
...###....####y####.##########
..........#.......#..........#
...#......#.......#..........#
.(.#......#.......#..<.......#
..........^..._..............#
..#.......#.......#..........#
..........#.......#...##.#####
.....#....#.......#......#


You could see an iguana and 6 killer bees.

Vanquished Creatures
  A hippogriff (D:7)
  An orc warrior (D:7)
  3 black bears
  A phantom (D:7)
  4 sky beasts
  An ice beast (D:7)
  2 ogres
  2 centaurs
  A bullfrog (D:7)
  2 big kobolds (D:7)
  4 scorpions
  3 killer bees (D:8)
  5 wights (D:6)
  3 howler monkeys
  2 crimson imps (D:5)
  A quasit (D:7)
  3 hounds
  7 orc priests
  4 orc wizards
  2 iguanas
  2 worker ants (D:4)
  A hound skeleton (D:2)
  10 gnolls
  5 adders
  2 oozes
  An adder skeleton (D:5)
  An adder zombie (D:8)
  2 worms
  A dart slug (D:1)
  2 leopard geckos
  31 orcs
  3 giant cockroaches
  5 goblins
  6 hobgoblins
  14 jackals
  5 quokkas
  7 bats
  3 frilled lizards
  2 giant cockroach zombies
  10 kobolds
  A quokka zombie (D:3)
  8 rats
174 creatures vanquished.

Vanquished Creatures (collateral kills)
  A kobold (D:7)
1 creature vanquished.

Vanquished Creatures (others)
  A human (D:4)
1 creature vanquished.

Grand Total: 176 creatures vanquished

Notes
Turn   | Place    | Note
-------+----------+-------------------------------------------
     0 | D:1      | PhenomeGnoll the Gnoll Wanderer began the quest for the
                  | Orb.
     0 | D:1      | PhenomeGnoll set off with the following items: a +2 dagger,
                  | a potion of berserk rage, a scroll of teleportation, a +0
                  | shortbow, 26 arrows, a +0 robe, a ration
     0 | D:1      | Reached XP level 1. HP: 23/23 MP: 1/1
   396 | D:1      | Reached XP level 2. HP: 25/29 MP: 2/2
   720 | D:1      | Reached XP level 3. HP: 22/35 MP: 3/3
   840 | D:2      | Reached skill level 1 in Invocations
  1153 | D:2      | Reached skill level 1 in Short Blades
  1153 | D:2      | Reached skill level 1 in Long Blades
  1153 | D:2      | Reached skill level 1 in Axes
  1153 | D:2      | Reached skill level 1 in Maces & Flails
  1153 | D:2      | Reached skill level 1 in Polearms
  1153 | D:2      | Reached skill level 1 in Slings
  1153 | D:2      | Reached skill level 1 in Crossbows
  1153 | D:2      | Reached skill level 1 in Dodging
  1153 | D:2      | Reached skill level 1 in Unarmed Combat
  1153 | D:2      | Reached skill level 1 in Spellcasting
  1153 | D:2      | Reached skill level 1 in Evocations
  1153 | D:2      | Reached XP level 4. HP: 29/41 MP: 5/5
  2057 | D:3      | Reached skill level 1 in Conjurations
  2057 | D:3      | Reached skill level 1 in Hexes
  2057 | D:3      | Reached skill level 1 in Charms
  2057 | D:3      | Reached skill level 1 in Summonings
  2057 | D:3      | Reached skill level 1 in Necromancy
  2057 | D:3      | Reached skill level 1 in Translocations
  2057 | D:3      | Reached skill level 1 in Transmutations
  2057 | D:3      | Reached skill level 1 in Fire Magic
  2057 | D:3      | Reached skill level 1 in Ice Magic
  2057 | D:3      | Reached skill level 1 in Air Magic
  2057 | D:3      | Reached skill level 1 in Earth Magic
  2057 | D:3      | Reached skill level 1 in Poison Magic
  2455 | D:3      | Reached XP level 5. HP: 45/47 MP: 6/6
  2951 | D:3      | Found a sparkling altar of Nemelex Xobeh.
  2958 | D:3      | Found an ancient bone altar of Kikubaaqudgha.
  2959 | D:3      | Found a basalt altar of Yredelemnul.
  2959 | D:3      | Found a sacrificial altar of Ru.
  2992 | D:3      | Became a worshipper of Nemelex Xobeh the Trickster
  3447 | D:4      | Noticed a sky beast
  3783 | D:4      | HP: 2/47 [orc/+0 club (3)]
  4175 | D:4      | Found an ancient bone altar of Kikubaaqudgha.
  4429 | D:4      | Reached XP level 6. HP: 53/53 MP: 8/8
  4486 | D:4      | Noticed a human
  4487 | D:4      | Killed a human
  4532 | D:4      | Reached skill level 5 in Bows
  4713 | D:4      | Received a gift from Nemelex Xobeh
  4852 | D:5      | Entered Level 5 of the Dungeon
  5077 | D:5      | Noticed a sky beast
  5087 | D:5      | Killed a sky beast
  5087 | D:5      | Reached XP level 7. HP: 59/59 MP: 10/10
  5182 | D:3      | Reached skill level 7 in Fighting
  5559 | D:5      | Reached * piety under Nemelex Xobeh
  6187 | D:6      | Reached XP level 8. HP: 55/67 MP: 12/12
  6628 | D:6      | Noticed Edmund
  6639 | D:6      | Noticed Edmund
  6639 | D:6      | Edmund changed into Edmund the howler monkey
  6646 | D:6      | Killed Edmund the howler monkey
  6703 | D:6      | Identified the +6 spear of the Trees {antimagic, +Inv
                  | rPois}
  6808 | D:6      | Found an iron altar of Okawaru.
  7650 | D:7      | Reached ** piety under Nemelex Xobeh
  8034 | D:7      | Reached XP level 9. HP: 72/72 MP: 5/14
  8535 | D:7      | Reached skill level 5 in Staves
  8535 | D:7      | Reached skill level 5 in Throwing
  8535 | D:7      | Reached skill level 5 in Armour
  8535 | D:7      | Reached skill level 5 in Shields
  8791 | D:7      | Received a gift from Nemelex Xobeh
  9160 | D:7      | Found a staircase to the Ecumenical Temple.
  9234 | D:7      | Reached skill level 5 in Stealth
  9339 | D:8      | Found Peisuapral's Assorted Antiques.
  9396 | D:8      | Reached skill level 8 in Fighting
  9525 | D:8      | Upgraded the game from 0.23-a0-489-g205b0b61ae to
                  | 0.23-a0-494-g91793a9df2
  9639 | D:8      | Found an ornate altar of the Wu Jian Council.
  9774 | D:8      | Reached skill level 5 in Invocations
  9854 | D:8      | Noticed a queen bee
 10127 | D:8      | Slain by a killer bee

Vault maps used:
D:1:      elethiomel_arrival_shortcut
D:2:      minmay_fountain_box
D:3:      chequers_temple_overflow_statue_of_worship
D:4:      first_ration, tgw_kikubaaqudgha
D:6:      okawaru_ov_weapons_minmay, lemuel_flamethrower_1, uniq_edmund
D:7:      temple_statues
D:8:      serial_shops, shop, david_nohive_1, lemuel_tele_altar

Skill      XL: |  1  2  3  4  5  6  7  8  9 |
---------------+----------------------------+-----
Invocations    | 1 2 3 4 5 |  5.1
Short Blades   | 1 2 3 4 |  4.6
Long Blades    | 1 2 3 4 |  4.6
Axes           | 1 2 3 4 |  4.6
Maces & Flails | 1 2 3 4 |  4.6
Polearms       | 1 2 3 4 |  4.6
Slings         | 1 2 3 4 |  4.6
Crossbows      | 1 2 3 4 |  4.6
Dodging        | 1 2 3 4 |  4.6
Unarmed Combat | 1 2 3 4 |  4.6
Spellcasting   | 1 2 3 4 |  4.6
Evocations     | 1 2 3 4 |  4.6
Conjurations   | 1 2 3 |  3.8
Hexes          | 1 2 3 |  3.8
Charms         | 1 2 3 |  3.8
Summonings     | 1 2 3 |  3.8
Necromancy     | 1 2 3 |  3.8
Translocations | 1 2 3 |  3.8
Transmutations | 1 2 3 |  3.8
Fire Magic     | 1 2 3 |  3.8
Ice Magic      | 1 2 3 |  3.8
Air Magic      | 1 2 3 |  3.8
Earth Magic    | 1 2 3 |  3.8
Poison Magic   | 1 2 3 |  3.8
Staves         | 3 4 5 |  5.3
Throwing       | 3 4 5 |  5.3
Armour         | 3 4 5 |  5.3
Shields        | 3 4 5 |  5.3
Bows           | 5 6 |  6.6
Stealth        | 3 4 5 |  5.2
Fighting       | 7 8 |  8.1

Action                   |  1- 3 |  4- 6 |  7- 9 || total
-------------------------+-------+-------+-------++-------
Melee: Dagger            |    37 |    99 |    55 ||   191
       Bite              |     6 |    15 |    32 ||    53
       Punch             |       |     1 |     3 ||     4
       Hunting sling     |       |     1 |     1 ||     2
       Spear             |       |       |   215 ||   215
 Fire: Shortbow          |    35 |    18 |       ||    53
       Hunting sling     |       |   149 |   244 ||   393
       Blowgun           |       |       |     7 ||     7
 Abil: Evoke Invisibilit |       |       |     5 ||     5
       Evoke Berserk Rag |       |       |     1 ||     1
Evoke: Deck              |       |       |     4 ||     4
  Use: Scroll            |       |     7 |     1 ||     8
 Stab: Invisible         |       |       |     6 ||     6
  Eat: Chunk             |       |    12 |    15 ||    27
       Ration            |       |       |     1 ||     1
Armor: Leather armour    |     6 |    14 |       ||    20
       Scale mail        |       |    44 |    72 ||   116
       Chain mail        |       |    10 |    72 ||    82
Dodge: Dodged            |    23 |   104 |   182 ||   309

Table legend:
 A = Non-vault XP
 B = Vault XP
 C = Vault XP percentage of total XP
 D = Non-vault monster count
 E = Vault monster count
 F = Vault count percentage of total count
                 A         B        C        D         E       F
            +---------+---------+-------+---------+---------+-------
      Total |    4274 |     224 |   5.0 |     171 |       4 |   2.3
            +---------+---------+-------+---------+---------+-------
        D:1 |      28 |       0 |   0.0 |       9 |       0 |   0.0
        D:2 |      98 |       0 |   0.0 |      24 |       0 |   0.0
        D:3 |     232 |       0 |   0.0 |      30 |       0 |   0.0
        D:4 |     297 |       0 |   0.0 |      14 |       0 |   0.0
        D:5 |     404 |       0 |   0.0 |       8 |       0 |   0.0
        D:6 |     850 |      54 |   6.0 |      40 |       1 |   2.4
        D:7 |    1769 |       0 |   0.0 |      30 |       0 |   0.0
        D:8 |     596 |     170 |  22.2 |      16 |       3 |  15.8
            +---------+---------+-------+---------+---------+-------
